 Dungeon Crawl Stone Soup version 0.31-a0-636-ge1c0e020e0 (webtiles) character file.

Game seed: 17593334520577075640

427 experimilk the Ruffian (level 6, -11/55 HPs)
             Began as a Troll Gladiator on Aug 26, 2023.
             Mangled by an ogre
             ... wielding a +0 giant club
              (29 damage)
             ... on level 4 of the Dungeon.
             The game lasted 00:06:07 (2997 turns).

experimilk the Ruffian (Troll Gladiator)            Turns: 2997, Time: 00:06:08

Health: -11/55     AC:  5    Str: 25    XL:     6   Next: 65%
Magic:  5/5        EV: 10    Int:  4    God:
Gold:   249        SH:  0    Dex: 11    Spells: 5/5 levels left

rFire   . .          .
                       - Unarmed
rCold   . . .        (no shield)
rNeg    . . .        m - +0 robe
rPois   .            b - +0 hat
rElec   .            v - +0 cloak
rCorr   .            (gloves unavailable)
SInv    .            (boots unavailable)
Will    .....        (no amulet)
Stlth   +            (no ring)
HPRegen 1.09/turn    (no ring)
MPRegen 0.09/turn

%: no passive effects
@: no status effects
A: large, unfitting armour, claws 3, regeneration 1, shaggy fur 1, tough skin 1
a: no special abilities


You were on level 4 of the Dungeon.
You visited 1 branch of the dungeon, and saw 4 of its levels.

You collected 249 gold pieces.

Inventory:

Missiles
 a - 13 poisoned darts (quivered)
 d - 9 javelins
 f - a large rock
 g - 3 throwing nets
 p - 7 stones
 s - 3 boomerangs
Armour
 b - a +0 hat (worn)
 m - a +0 robe (worn)
 v - a +0 cloak (worn)
Jewellery
 n - an amulet of faith
 o - a ring of positive energy
 x - a ring of poison resistance
Scrolls
 e - a scroll of immolation {unknown}
 h - 2 scrolls of teleportation
 k - a scroll of vulnerability {unknown}
 l - a scroll of amnesia {unknown}
 q - a scroll of brand weapon {unknown}
 r - a scroll of blinking {unknown}
 w - 2 scrolls of identify {unknown}
Potions
 c - 2 potions of curing {unknown}
 i - 2 potions of haste {unknown}
 j - a potion of brilliance {unknown}
 t - 3 potions of magic {unknown}


   Skills:
 - Level 1.5 Fighting
 - Level 1.7 Throwing
 - Level 2.4 Dodging
 * Level 7.6 Unarmed Combat


You had 5 spell levels left.
You didn't know any spells.
Your spell library contained the following spells:

 Spells                   Type           Power      Damage    Failure   Level
 Ensorcelled Hibernation  Hex/Ice        0%         N/A       65%         2
 Passwall                 Tmut/Erth      0%         N/A       65%         2
 Swiftness                Air            0%         N/A       86%         3


Dungeon Overview and Level Annotations

Branches:
Dungeon (4/15)
 Temple: D:4-7

Altars:
Xom

Shops:
D:4 [


Innate Abilities, Weirdness & Mutations

You are too large for most types of armour.
You have claws for hands.
Your natural rate of healing is unusually fast.
You are covered in fur. (AC +1)
You have tough skin. (AC +1)


Message History

Your surroundings suddenly seem different.
You start resting.
HP restored.
You start waiting.
Done waiting.
You start waiting.
Done waiting.
There is an open door here.
There is an open door here.
The ogre shouts!
Throw: 14 darts (poison)
Press: ? - help, Q - select action, (/) - cycle Shift-Dir - straight line, f/p - ogre
Aim: an ogre, wielding a +0 giant club (69% to hit)
Okay, then.
Throw: 14 darts (poison)
Press: ? - help, Q - select action, (/) - cycle Shift-Dir - straight line, f/p - ogre
Aim: an ogre, wielding a +0 giant club (69% to hit)
You throw a poisoned dart. The poisoned dart hits the ogre.
The ogre is poisoned.
Unknown command.
You claw the ogre!
The ogre is heavily wounded.
The ogre hits you with a +0 giant club!
You scratch the ogre.
The ogre is heavily wounded.
You scratch the ogre. Your claw misses the ogre.
The ogre is severely wounded.
The ogre barely misses you.
You barely miss the ogre. You claw the ogre.
The ogre is severely wounded.
The ogre hits you with a +0 giant club!!
Ouch! That really hurt!
* * * LOW HITPOINT WARNING * * *
You scratch the ogre but do no damage.
The ogre is severely wounded.
You scratch the ogre.
The ogre is almost dead.
The ogre hits you with a +0 giant club!!
Ouch! That really hurt!
You die...

.###.####### ..# ##
####.##.### ####..##.#
..'..#....# +.........
..#..#....# #.........
..#..'....# #.........
..#..#....# #.(.......
..#..#....# #.(.((....
.##.###.########O.######
##..###.####..##@.#
##.##.............#
##.##.............#
÷#.##.............#
##.###..........=.#
...#÷#..###########
.∩.###..##.##.##.#
.................#
.####............#


You could see an ogre (poisoned).

Vanquished Creatures
  An ice beast (D:3)
  An ogre (D:4)
  2 orc priests
  A hound (D:4)
  Jessica (D:3)
  An iguana (D:4)
  2 adders
  2 worms
  4 dart slugs
  9 orcs
  6 bats
  5 endoplasms
  2 giant cockroaches
  7 goblins
  5 hobgoblins
  3 jackals (D:1)
  7 kobolds
  A quokka (D:1)
  4 ball pythons
  3 frilled lizards (D:1)
  3 rats
70 creatures vanquished.

Notes
Turn   | Place    | Note
-------+----------+-------------------------------------------
     0 | D:1      | experimilk the Troll Gladiator began the quest for the Orb.
     0 | D:1      | Reached XP level 1. HP: 19/19 MP: 0/0
   111 | D:1      | Reached XP level 2. HP: 27/27 MP: 1/1
   342 | D:1      | Reached skill level 4 in Unarmed Combat
   469 | D:1      | Reached XP level 3. HP: 33/33 MP: 2/2
   555 | D:1      | Found a faded altar of an unknown god.
  1634 | D:3      | Noticed an ice beast
  1639 | D:3      | Killed an ice beast
  1640 | D:3      | Reached skill level 5 in Unarmed Combat
  1640 | D:3      | Reached XP level 4. HP: 41/41 MP: 3/3
  1640 | D:3      | Reached XP level 5. HP: 48/48 MP: 4/4
  1677 | D:3      | Noticed Jessica
  1678 | D:3      | Killed Jessica
  1679 | D:3      | Reached skill level 6 in Unarmed Combat
  1830 | D:3      | Found a shimmering altar of Xom.
  1840 | D:3      | Found a shimmering altar of Xom.
  2435 | D:4      | Noticed an ogre
  2446 | D:4      | Reached XP level 6. HP: 43/55 MP: 5/5
  2453 | D:4      | Reached skill level 7 in Unarmed Combat
  2632 | D:4      | Found Caosib's Armour Boutique.
  2997 | D:4      | Mangled by an ogre

Illustrated notes

Levels and vault maps discovered:
D:1:      lemuel_arrival_room, layout_basic, basic_ecumenical_altar,
          minmay_heptomino_w4
D:2:      layout_rooms, serial_co_window_serial, co_window_paths_a,
          co_window_of_opportunity_a, co_window_corner_a, co_window_corner_a,
          co_window_of_opportunity_a, co_window_broadway_b,
          co_window_broadway_b, co_window_corner_b, eino_curves_04,
          dreamdust_wishing_well
D:3:      layout_loops_corners, xom_redecorated, uniq_jessica
D:4:      layout_gridville, serial_shops, nicolae_shop_gibbet_a_chance

Skill      XL: |  1  2  3  4  5  6 |
---------------+-------------------+-----
Unarmed Combat | 4 5 6 7 |  7.6
Fighting       | |  1.5
Throwing       | |  1.7
Dodging        | |  2.4

Action                     |  1- 3 |  4- 6 || total
---------------------------+-------+-------++-------
  Melee: Unarmed           |    90 |    61 ||   151
         Punch             |       |     2 ||     2
  Throw: Stone             |     5 |     4 ||     9
         Dart              |     2 |     9 ||    11
         Javelin           |     2 |       ||     2
         Large rock        |     1 |     1 ||     2
         Boomerang         |       |     3 ||     3
         Throwing net      |       |     1 ||     1
    Use: Scroll            |       |     4 ||     4
   Stab: Held in net/web   |       |     2 ||     2
 Armour: Robe              |    17 |    14 ||    31
  Dodge: Dodged            |    43 |    21 ||    64

Table legend: (Time is in decaauts)
 A = Elapsed time spent in this place.
 B = Non-inter-level travel time spent in this place.
 C = Inter-level travel time spent in this place.
 D = Time resting spent in this place.
 E = Time spent auto-exploring this place.
 F = Levels seen in this place.
 G = Mean time per level.
                   A        B        C        D        E       F      G
               +--------+--------+--------+--------+--------+-----+--------+
         Total |   2984 |   2881 |    103 |    289 |   2088 |   4 |  746.0 |
       Dungeon |   2984 |   2881 |    103 |    289 |   2088 |   4 |  746.0 |
               +--------+--------+--------+--------+--------+-----+--------+

Top non-repeatable levels by time:
     D:1: 856 daAuts
     D:3: 781 daAuts
     D:2: 680 daAuts
     D:4: 666 daAuts
